 Dungeon Crawl Stone Soup version 0.27-a0-409-gd57800a693 (webtiles) character file.

Game seed: 13977026245896108338

42 Chiseanne the Digger (level 3, -3/27 HPs)
             Began as a Demonspawn Wanderer on Feb 23, 2021.
             Slain by Natasha (6 damage)
             ... on level 2 of the Dungeon.
             The game lasted 00:02:24 (1600 turns).

Chiseanne the Digger (Demonspawn Wanderer)          Turns: 1600, Time: 00:02:24

Health: -3/27      AC:  6    Str: 19    XL:     3   Next: 33%
Magic:  3/3        EV: 11    Int: 10    God:
Gold:   55         SH:  0    Dex: 17    Spells: 1/2 levels left

rFire    . . .     SeeInvis .   a - +2 dagger
rCold    . . .     Faith    .   (no shield)
rNeg     . . .     Spirit   .   m - +0 ring mail
rPois    .         Reflect  .   (no helmet)
rElec    .         Harm     .   (no cloak)
rCorr    .         Rampage  .   (no gloves)
Will     .....                  e - +0 pair of boots
Stlth    ++........             (no amulet)
HPRegen  0.09/turn              n - +6 ring of strength
MPRegen  0.08/turn              (no ring)

@: no status effects
A: thin skeletal structure 1, demonic magic 1
a: no special abilities


You were on level 2 of the Dungeon.
You visited 1 branch of the dungeon, and saw 2 of its levels.

You collected 55 gold pieces.

Inventory:

Hand Weapons
 a - a +2 dagger (weapon)
 w - a +0 hunting sling
Missiles
 b - 3 curare-tipped darts (quivered)
 f - 28 sling bullets
 g - 16 bolts
 h - 7 silver boomerangs
 k - 96 stones
Armour
 e - a +0 pair of boots (worn)
 m - a +0 ring mail (worn)
Jewellery
 n - a +6 ring of strength (left hand)
Scrolls
 j - a scroll of blinking
 l - a scroll of identify
Potions
 c - a potion of flight
 i - a potion of brilliance


   Skills:
 * Level 2.1 Fighting
 - Level 1.0 Maces & Flails
 - Level 1.7 Throwing
 * Level 1.2 Armour
 * Level 1.4 Dodging
 * Level 1.0 Stealth
 - Level 1.7 Air Magic
 - Level 2.6 Earth Magic


You had one spell level left.
You knew the following spells:

 Your Spells              Type           Power        Failure   Level
a - Sandblast             Erth           10%          22%         1

Your spell library contained the following spells:

 Spells                   Type           Power        Failure   Level
 Stone Arrow              Conj/Erth      4%           75%         3


Dungeon Overview and Level Annotations

Branches:
Dungeon (2/15)

Altars:
Nemelex Xobeh

Annotations:
D:2 Natasha


Innate Abilities, Weirdness & Mutations

You have a somewhat thin skeletal structure. (Dex +2, Stealth)
Spells you cast may paralyse adjacent enemies.


Message History

It was a scroll of blinking.
As you read the scroll labelled ZAMEWAEDYXZU, it crumbles to dust.
It is a scroll of identify.
c - a potion of flight
As you read the scroll of identify, it crumbles to dust.
i - a potion of brilliance Your surroundings suddenly seem different.
You feel stronger.
n - a +6 ring of strength (left hand)
Okay, then.
Natasha, Servant of Life and Death comes into view.
Natasha hisses angrily.
Natasha claws you.
You completely miss Natasha. Natasha claws you.
You completely miss Natasha. Natasha casts a spell at you.
The magic dart hits you.
You barely miss Natasha. Natasha claws you but does no damage.
You hit Natasha.
Natasha is lightly wounded.
Natasha claws you.
You hit Natasha.
Natasha is moderately wounded.
Natasha closely misses you.
You closely miss Natasha.
Natasha is moderately wounded.
Natasha claws you.
* * * LOW HITPOINT WARNING * * *
You hit Natasha.
Natasha is heavily wounded.
Natasha claws you.
* * * LOW HITPOINT WARNING * * *
You hit Natasha.
Natasha is almost dead.
Natasha claws you but does no damage.
Okay, then.
You barely miss Natasha.
Natasha is almost dead.
Natasha claws you.
You die...

#.##.######.......#
#........#.........##
#..#####.'.......<.+.
#..# #.#.........##
#..# #.##ยง......#
##.# #.###.....##
#.#####.# #...##
#.......# #'##
#..@h.### #.######
#.##..# #.......
#.##..... #.######
#.##..###.##..
#.##... #... #.##..#.
..... #.##..###.###.
#.##..###.# #.
#.........# #.


You could see Natasha.

Vanquished Creatures
  An adder (D:2)
  2 worms (D:2)
  A dart slug (D:1)
  3 bats
  3 giant cockroaches (D:1)
  5 goblins
  2 hobgoblins
  3 frilled lizards
  2 kobolds
  4 rats (D:1)
26 creatures vanquished.

Notes
Turn   | Place    | Note
-------+----------+-------------------------------------------
     0 | D:1      | Chiseanne the Demonspawn Wanderer began the quest for the
                  | Orb.
     0 | D:1      | Chiseanne set off with the following items: a +2 dagger, 3
                  | curare-tipped darts, a +0 robe; and the following spell
                  | memorised: Sandblast; and the following spells available to
                  | memorise: Stone Arrow
     0 | D:1      | Reached XP level 1. HP: 15/15 MP: 1/1
   325 | D:1      | Reached skill level 1 in Dodging
   325 | D:1      | Gained mutation: You have a somewhat thin skeletal
                  | structure. (Dex +2, Stealth) [demonic ancestry]
   325 | D:1      | Reached XP level 2. HP: 21/21 MP: 2/2
   950 | D:2      | Found a sparkling altar of Nemelex Xobeh.
  1239 | D:2      | Gained mutation: Spells you cast may paralyse adjacent
                  | enemies. [demonic ancestry]
  1239 | D:2      | Reached XP level 3. HP: 27/27 MP: 3/3
  1359 | D:2      | Reached skill level 1 in Stealth
  1580 | D:2      | Noticed Natasha
  1600 | D:2      | Slain by Natasha

Illustrated notes

Levels and vault maps discovered:
D:1:      ncdulo_watergridlock, layout_basic
D:2:      layout_loops_corners, nicolae_overflow_crystal_walls,
          general_overflow_altar, minmay_octomino_j4, uniq_natasha

Skill      XL: |  1  2  3 |
---------------+----------+-----
Dodging        | 1 |  1.4
Fighting       | 2 |  2.1
Stealth        | 1 |  1.0
Maces & Flails | |  1.0
Throwing       | |  1.7
Armour         | |  1.2
Air Magic      | |  1.7
Earth Magic    | |  2.6

Action                   || total
-------------------------++-------
Melee: Dagger            ||    87
  Use: Scroll            ||     4
 Stab: Sleeping          ||     9
Armor: Robe              ||     5
       Ring mail         ||    13
Dodge: Dodged            ||    42

Table legend: (Time is in decaauts)
 A = Elapsed time spent in this place.
 B = Non-inter-level travel time spent in this place.
 C = Inter-level travel time spent in this place.
 D = Time resting spent in this place.
 E = Time spent auto-exploring this place.
 F = Levels seen in this place.
 G = Mean time per level.
                   A        B        C        D        E       F      G
               +--------+--------+--------+--------+--------+-----+--------+
         Total |   1599 |   1599 |      0 |    249 |   1122 |   2 |  799.5 |
       Dungeon |   1599 |   1599 |      0 |    249 |   1122 |   2 |  799.5 |
               +--------+--------+--------+--------+--------+-----+--------+

Top non-repeatable levels by time:
     D:1: 928 daAuts
     D:2: 671 daAuts
